 Dungeon Crawl Stone Soup version 0.25-a0-435-g4b9beb1024 (webtiles) character file.

Game seed: 9856164538488070648, levelgen mode: deterministic

50 kae the Chopper (level 3, -3/31 HPs)
             Began as a Hill Orc Fighter on Jan 29, 2020.
             Slain by Crazy Yiuf
             ... wielding a +4 quarterstaff of chaos
              (10 damage)
             ... on level 2 of the Dungeon.
             The game lasted 00:00:47 (1514 turns).

kae the Chopper (Hill Orc Fighter)                  Turns: 1514, Time: 00:00:48

Health: -3/31      AC:  6    Str: 19    XL:     3   Next: 79%
Magic:  3/3        EV: 17    Int:  8    God:
Gold:   149        SH:  0    Dex: 10    Spells: 2/2 levels left

rFire    + + .     SeeInvis .   (weapon currently unavailable)
rCold    + + .     Gourm    .   (shield currently unavailable)
rNeg     + + +     Faith    .   (armour currently unavailable)
rPois    ∞         Spirit   .   (helmet currently unavailable)
rElec    +         Reflect  .   (cloak currently unavailable)
rCorr    +         Harm     .   (gloves currently unavailable)
MR       .....                  (boots currently unavailable)
Stlth    +.........             (amulet currently unavailable)
HPRegen  0.10/turn              (ring currently unavailable)
MPRegen  0.08/turn              (ring currently unavailable)

@: wisp-form, flying, starving, quick
A: tiny
a: no special abilities


You were on level 2 of the Dungeon.
You were starving.
You were an insubstantial wisp.
You visited 1 branch of the dungeon, and saw 2 of its levels.

You collected 149 gold pieces.

Inventory:

Hand Weapons
 a - a +0 war axe (melded)
Armour
 b - a +0 scale mail (melded)
 c - a +0 shield (melded)
Wands
 m - a wand of clouds (5)
Scrolls
 e - 4 scrolls of teleportation
 g - a scroll of enchant armour {unknown}
 j - a scroll of identify {unknown}
Potions
 d - 2 potions of might
 h - 2 potions of curing {unknown}
 i - 2 potions of agility {unknown}
 k - a potion of berserk rage {unknown}
 l - a potion of haste
 n - a potion of degeneration {unknown}
 o - a potion of magic {unknown}
Comestibles
 f - 2 rations


   Skills:
 - Level 3.6 Fighting
 + Level 5.3 Axes
 - Level 3.2 Armour
 - Level 3.2 Shields


You had 2 spell levels left.
You didn't know any spells.
Your spell library was empty.

Dungeon Overview and Level Annotations

Branches:
Dungeon (2/15)

Altars:

Annotations:
D:2 Crazy Yiuf


Message History

Crazy Yiuf hits you with a +4 quarterstaff of chaos.
You suddenly lose the ability to move!
Crazy Yiuf cries, "Powder!
Blight chair agre."
Crazy Yiuf hits you with a +4 quarterstaff of chaos.
* * * LOW HITPOINT WARNING * * *
You turn into an insubstantial wisp.
Your +0 war axe melds into your body.
Your +0 shield melds into your body.
Your +0 scale mail melds into your body.
You can move again.
Unknown command.
Unknown command.
Unknown command.
You touch Crazy Yiuf but do no damage.
Crazy Yiuf is moderately wounded.
Crazy Yiuf completely misses you.
You barely miss Crazy Yiuf.
Crazy Yiuf is moderately wounded.
Crazy Yiuf waves his quarterstaff at you.
Crazy Yiuf hits you with a +4 quarterstaff of chaos!
You die...

.#.......#
##.#########
.##.####.# ### .##.#
#.# .##.# #.# #####
....####.### #).)#
...........# #)))#
...#.###.#.# )))
###.####.#.# #g#
###........# #v##
.....###.#.# ##)#
###.## #.#.# #)##
##...###.#.# ##)#
#..........# ##)##
.#...#>....# ##.P)#
...........# #.PPP#
...#.......# #....#
..###.#....####....#


You could see Crazy Yiuf.

Vanquished Creatures
  An adder (D:2)
  An ooze (D:2)
  A worm (D:2)
  2 dart slugs
  2 giant cockroaches
  4 goblins (D:1)
  5 hobgoblins
  A kobold (D:1)
  A quokka (D:2)
  A ball python (D:1)
  4 bats
  5 frilled lizards
  3 rats (D:1)
31 creatures vanquished.

Notes
Turn   | Place    | Note
-------+----------+-------------------------------------------
     0 | D:1      | kae the Hill Orc Fighter began the quest for the Orb.
     0 | D:1      | Reached XP level 1. HP: 19/19 MP: 1/1
    40 | D:1      | Reached skill level 3 in Axes
   119 | D:1      | You fall into a shaft and drop 1 floor!
   126 | D:2      | Reached XP level 2. HP: 26/26 MP: 2/2
   143 | D:1      | Reached skill level 4 in Axes
   390 | D:1      | Reached XP level 3. HP: 29/31 MP: 3/3
   783 | D:2      | Reached skill level 5 in Axes
   884 | D:2      | Found a runed translucent door.
   885 | D:2      | Noticed Crazy Yiuf
  1510 | D:2      | Paralysed by Crazy Yiuf for 3 turns
  1514 | D:2      | Slain by Crazy Yiuf

Levels and vault maps discovered:
D:1:      onia_arrival_mini_maze_b, layout_rooms, serial_corexii_hall,
          chequers_hall_statues_wall_a, corexii_hall_statues_i,
          hangedman_decor_push, chequers_garden, feat_on_display
D:2:      layout_loops_ring, serial_rivers, chequers_serial_rivers_small_a,
          chequers_serial_rivers_small_b, chequers_serial_rivers_marsh,
          chequers_serial_rivers_micro_c, minmay_pentomino_x4,
          uniq_crazy_yiuf_cottage

Skill      XL: |  1  2  3 |
---------------+----------+-----
Axes           | 3 4 5 |  5.3
Fighting       | |  3.6
Armour         | |  3.2
Shields        | |  3.2

Action                   || total
-------------------------++-------
Melee: War axe           ||   123
       Unarmed           ||     2
  Use: Scroll            ||     1
Armor: Scale mail        ||    43
Dodge: Dodged            ||    36
Block: Shield            ||    80

Table legend:
 A = Non-vault XP
 B = Vault XP
 C = Vault XP percentage of total XP
 D = Non-vault monster count
 E = Vault monster count
 F = Vault count percentage of total count
                 A         B        C        D         E       F
            +---------+---------+-------+---------+---------+-------
      Total |      49 |      23 |  31.9 |      27 |       4 |  12.9
            +---------+---------+-------+---------+---------+-------
        D:1 |      32 |       0 |   0.0 |      19 |       0 |   0.0
        D:2 |      17 |      23 |  57.5 |       8 |       4 |  33.3
            +---------+---------+-------+---------+---------+-------
